 Dungeon Crawl Stone Soup version 0.30.0-5-g1a98f26d00 (webtiles) character file.

Game seed: 5896662222768190377

2862 backslashecho the Covert (level 10, -4/50 HPs)
             Began as a Kobold Hunter on May 8, 2023.
             Was an Elder of Hepliaklqana.
             Slain by a swamp worm (23 damage)
             ... on level 7 of the Dungeon.
             The game lasted 00:17:49 (7355 turns).

backslashecho the Covert (Kobold Hunter)            Turns: 7355, Time: 00:17:49

Health: -4/50      AC:  6    Str:  8    XL:     10   Next: 4%
Magic:  11/11      EV: 16    Int: 12    God:    Hepliaklqana [****..]
Gold:   484        SH:  0    Dex: 22    Spells: 9/9 levels left

rFire   + . .        b - +2 dagger (venom)
rCold   + + .        (no shield)
rNeg    . . .        t - +2 robe {rC+}
rPois   .            (no helmet)
rElec   .            A - +0 cloak
rCorr   .            j - +0 pair of gloves
SInv    .            (no boots)
Will    .....        u - amulet of magic regeneration
Stlth   +++++++      r - ring of protection from fire
HPRegen 0.28/turn    c - ring of protection from cold
MPRegen 0.52/turn

%: no passive effects
@: no status effects
A: reduced essence, small, no large weapons, nightstalker 3
a: Renounce Religion, Recall Ancestor, Ancestor Identity, Transference, Idealise


You were on level 7 of the Dungeon.
You worshipped Hepliaklqana.
Hepliaklqana was greatly pleased with you.
You visited 1 branch of the dungeon, and saw 7 of its levels.
You also visited: Sewer.

You collected 484 gold pieces.

Inventory:

Hand Weapons
 a - a +0 shortbow
 b - a +2 dagger of venom (weapon)
Missiles
 d - 21 poisoned darts
 y - 3 curare-tipped darts
Armour
 j - a +0 pair of gloves (worn)
 t - a +2 robe of cold resistance (worn)
 A - a +0 cloak (worn)
Jewellery
 c - a ring of protection from cold (right hand)
 g - a ring of wizardry
 k - a ring of wizardry
 r - a ring of protection from fire (left hand)
 u - an amulet of magic regeneration (around neck)
 F - a ring of see invisible
Wands
 n - a wand of flame (34)
Scrolls
 e - 2 scrolls of poison {unknown}
 h - 2 scrolls of amnesia {unknown}
 i - a scroll of enchant armour {unknown}
 m - 2 scrolls of identify {unknown}
 s - a scroll of teleportation {unknown}
 v - a scroll of fear {unknown}
 B - a scroll of enchant weapon {unknown}
Potions
 l - 4 potions of might {unknown}
 o - 5 potions of attraction {unknown}
 p - a potion of magic {unknown}
 q - a potion of brilliance {unknown}
 w - a potion of cancellation {unknown}
 x - a potion of haste {unknown}
 z - 3 potions of mutation {unknown}
 C - 2 potions of resistance {unknown}
 D - 2 potions of heal wounds {unknown}
 E - a potion of degeneration {unknown}
 G - 2 potions of flight {unknown}


   Skills:
 - Level 3.0 Fighting
 + Level 8.5 Short Blades
 - Level 10.0 Ranged Weapons
 - Level 3.0 Dodging
 * Level 12.5 Stealth
 + Level 1.6 Invocations


You had 9 spell levels left.
You didn't know any spells.
Your spell library contained the following spells:

 Spells                   Type           Power      Damage    Failure   Level
 Beastly Appendage        Tmut           0%         N/A       32%         1
 Blink                    Tloc           0%         N/A       45%         2
 Lesser Beckoning         Tloc           0%         N/A       45%         2
 Momentum Strike          Conj/Tloc      0%         3d8       45%         2
 Wereblood                Tmut           0%         N/A       45%         2
 Spider Form              Tmut/Pois      0%         N/A       69%         3
 Leda's Liquefaction      Hex/Erth       0%         N/A       97%         4
 Lee's Rapid Deconstruct  Erth           0%         3d4*      100%        5
 Statue Form              Tmut/Erth      0%         N/A       100%        6


Dungeon Overview and Level Annotations

Branches:
Dungeon (7/15)             Temple (0/1) D:5           Sewer (visited)

Altars:
Fedhas
Hepliaklqana
Kikubaaqudgha
Yredelemnul


Innate Abilities, Weirdness & Mutations

Your life essence is reduced to manifest your ancestor. (-10% HP)
You are small and have problems with some larger weapons.
You are completely attuned to the shadows.


Message History

Sofian gestures at the swamp worm while chanting.
The swamp worm resists with significant effort.
You shoot an arrow. The arrow barely misses the swamp worm.
A nearby plant withers and dies.
The swamp worm bites Sofian.
The swamp worm fires a harpoon shot at you.
The harpoon shot hits Sofian!
Sofian hits the swamp worm with a +0 dagger of draining.
Sofian drains the swamp worm.
A swamp worm comes into view.
Sofian hits the swamp worm with a +0 dagger of draining!
Sofian drains the swamp worm.
Aiming: Throw Flame
Press: ? - help, Shift-Dir - straight line, f/p - swamp worm
Aim: a swamp worm (60% to hit)
The puff of flame misses the swamp worm.
Sofian points at the swamp worm and mumbles some strange words.
The swamp worm resists with significant effort.
The swamp worm bites Sofian!!
The swamp worm is engulfed in a cloud of scalding steam.
The swamp worm fires a harpoon shot at you.
The harpoon shot hits you!
You are yanked forward by the harpoon shot.
Splash!
You fall into the shallow water.
Moving in this stuff is going to be slow.
You take 16 damage, and have 34/50 hp.
MASSIVE DAMAGE!!
Sofian closely misses the swamp worm.
The swamp worm is engulfed in a cloud of scalding steam.
The swamp worm bites Sofian.
Sofian is destroyed!
Okay, then.
Unknown command.
Okay, then.
Really read the scroll of immolation?
As you read the scroll of immolation, it crumbles to dust.
The creatures around you are filled with an inner flame!
The swamp worm closely misses you. The swamp worm bites you!
The swamp worm misses you.
You take 15 damage, and have 20/50 hp.
MASSIVE DAMAGE!!
Your +2 dagger of venom begins to drip with poison!
b - a +2 dagger of venom (weapon)
You hit the swamp worm.
Flame seeps out of the swamp worm.
The swamp worm is poisoned.
The swamp worm is heavily wounded.
The swamp worm completely misses you.
The swamp worm is engulfed in blazing flames.
Flame seeps out of the swamp worm.
The swamp worm closely misses you.
The swamp worm attacks as you move away!
The swamp worm bites you. The swamp worm bites you!!
You die...

#....... #.......
######....... .............
#................
#................
##................ .#####
#................. .....#
#@................ #<#
#.w........#...### #.#
###ww~~~.....#...'.. #.#
#.~~~~~~~........### #.#
######.~ยง~~~โ‰ˆ~........##~
..#
......~~##~##~~.......#..
#####~~~# ~~#~~~R.....'..
.....~โ‰ˆ## ~##โ‰ˆ~###...#).
#####~~# #~~..######~


You could see 3 swamp worms.

Vanquished Creatures
  Eustachio (D:5)
  A water moccasin (D:5)
  An ogre (D:7)
  A centaur (D:7)
  A kobold brigand (Sewer)
  Blork the orc (D:5)
  2 scorpions
  2 necrophages (D:7)
  A wyvern zombie (D:7)
  A wight (D:7)
  2 howler monkeys (D:4)
  Crazy Yiuf (D:5)
  A centaur zombie (D:7)
  A hound (D:6)
  A human zombie (D:7)
  A gnoll bouda (D:4)
  2 jellies
  A sleepcap (D:5)
  Jessica (D:2)
  An iguana (D:5)
  An orc wizard (D:3)
  3 mummies (D:7)
  14 adders
  4 gnolls
  A worm (D:2)
  9 orcs
  3 ball pythons
  13 endoplasms
  2 giant cockroaches (D:1)
  7 hobgoblins
  22 kobolds
  5 quokkas
  7 bats
  3 frilled lizards
  7 goblins
  12 rats
  A spectral goblin (D:7)
138 creatures vanquished.

Vanquished Creatures (collateral kills)
  Sigmund (D:2)
  A black bear (D:5)
  A phantom (D:5)
  5 kobold brigands
  A necrophage (D:7)
  2 scorpions (D:4)
  2 jellies
  2 orc priests
  Terence (D:3)
  2 iguanas
  3 orc wizards
  A mummy (D:7)
  A howler monkey zombie (D:7)
  An adder (D:4)
  8 gnolls
  A river rat (Sewer)
  A shadow imp (D:5)
  2 white imps
  2 worms
  A dart slug (D:2)
  3 orcs (D:5)
  An endoplasm (Sewer)
  A giant cockroach (D:2)
  A hobgoblin (D:2)
  A ball python (Sewer)
  3 goblins
  2 kobolds (D:7)
51 creatures vanquished.

Vanquished Creatures (others)
  3 hexers
3 creatures vanquished.

Grand Total: 192 creatures vanquished

Notes
Turn   | Place    | Note
-------+----------+-------------------------------------------
     0 | D:1      | backslashecho the Kobold Hunter began the quest for the
                  | Orb.
     0 | D:1      | Reached XP level 1. HP: 12/12 MP: 1/1
   157 | D:1      | Reached XP level 2. HP: 13/18 MP: 2/2
   530 | D:1      | Reached skill level 2 in Stealth
   787 | D:1      | Reached XP level 3. HP: 22/22 MP: 3/3
   788 | D:1      | Found a faded altar of an unknown god.
   793 | D:1      | Prayed at the altar of an unknown god.
   793 | D:1      | Became a worshipper of Hepliaklqana the Forgotten
   793 | D:1      | Reached * piety under Hepliaklqana
  1312 | D:2      | Reached skill level 1 in Short Blades
  1329 | D:2      | Noticed Sigmund
  1340 | D:2      | Killed Sigmund
  1341 | D:2      | Reached skill level 3 in Stealth
  1341 | D:2      | Reached XP level 4. HP: 25/25 MP: 4/4
  1341 | D:2      | Reached XP level 5. HP: 28/28 MP: 5/5
  1366 | D:2      | Reached XP level 6. HP: 33/33 MP: 6/6
  1595 | D:2      | Reached skill level 4 in Stealth
  1743 | D:2      | Reached ** piety under Hepliaklqana
  1884 | D:2      | Noticed Jessica
  1887 | D:2      | Killed Jessica
  1888 | D:2      | Remembered your ancestor Sofian as a hexer
  2305 | D:3      | Reached skill level 5 in Stealth
  2417 | D:3      | Noticed Terence
  2421 | D:3      | Killed Terence
  2422 | D:3      | Reached XP level 7. HP: 36/36 MP: 7/7
  2736 | D:3      | Reached skill level 6 in Stealth
  3151 | D:4      | Reached skill level 5 in Short Blades
  3185 | D:4      | Reached skill level 7 in Stealth
  3388 | D:4      | Reached XP level 8. HP: 41/41 MP: 8/8
  3473 | D:4      | Reached *** piety under Hepliaklqana
  3661 | D:4      | Reached skill level 8 in Stealth
  3831 | D:5      | Entered Level 5 of the Dungeon
  4000 | D:5      | Noticed Blork the orc
  4002 | D:5      | Killed Blork the orc
  4056 | D:5      | Found a blossoming altar of Fedhas.
  4140 | D:5      | Reached skill level 9 in Stealth
  4293 | D:5      | Reached XP level 9. HP: 45/45 MP: 9/9
  4294 | D:5      | Found a glowing drain.
  4300 | Sewer    | Entered a sewer
  4608 | Sewer    | Reached skill level 10 in Stealth
  5187 | D:5      | Noticed Eustachio
  5192 | D:5      | Killed Eustachio
  5221 | D:5      | Found a runed translucent door.
  5225 | D:5      | Noticed Crazy Yiuf
  5230 | D:5      | Killed Crazy Yiuf
  5292 | D:5      | Reached skill level 11 in Stealth
  5322 | D:5      | Found a staircase to the Ecumenical Temple.
  6124 | D:6      | Reached **** piety under Hepliaklqana
  6200 | D:6      | Found a basalt altar of Yredelemnul.
  6947 | D:7      | Reached skill level 10 in Ranged Weapons
  6947 | D:7      | Reached skill level 12 in Stealth
  6999 | D:7      | Reached skill level 1 in Invocations
  7003 | D:7      | Found an ancient bone altar of Kikubaaqudgha.
  7136 | D:7      | Reached XP level 10. HP: 50/50 MP: 9/11
  7290 | D:7      | Found a hazy altar of Hepliaklqana.
  7355 | D:7      | Slain by a swamp worm

Illustrated notes

Levels and vault maps discovered:
D:1:      giann_wishing_wells, layout_basic, dilly_ecumenical_altar_fadedgnrine,
          nicolae_hexahallways
D:2:      layout_basic, uniq_sigmund, uniq_jessica
D:3:      layout_loops_ring, kennysheep_generic_room_16, uniq_terence
D:4:      layout_basic
D:5:      layout_basic, fedhas_altar_3, minmay_temple_entry_purple_smoke,
          portal_sewer_entry_d, uniq_blork_the_orc, uniq_eustachio,
          uniq_crazy_yiuf_cottage
D:6:      layout_gridville, lemuel_doored_altar
D:7:      layout_basic, nicolae_hepliaklqana_monster_ancestors,
          lemuel_mausoleum_altar_kikubaaqudgha, worms_lemuel,
          uniq_prince_ribbit1

Skill      XL: |  1  2  3  4  5  6  7  8  9 |
---------------+----------------------------+-----
Stealth        | 2 3 5 7 9 12 | 12.5
Short Blades   | 3 4 5 6 8 |  8.5
Dodging        | 3 |  3.0
Fighting       | 3 |  3.0
Ranged Weapons | 6 7 8 10 | 10.0
Invocations    | 1 |  1.6

Action                     |  1- 3 |  4- 6 |  7- 9 | 10-12 || total
---------------------------+-------+-------+-------+-------++-------
  Melee: Dagger            |    19 |       |    57 |     1 ||    77
         Punch             |       |       |     1 |       ||     1
   Fire: Shortbow          |    67 |    73 |   256 |    13 ||   409
 Invoke: Ancestor Identity |     1 |       |       |       ||     1
         Ancestor Life: He |       |     1 |       |       ||     1
  Evoke: Wand              |       |       |       |     1 ||     1
    Use: Scroll            |       |       |       |     1 ||     1
   Stab: Sleeping          |       |       |     3 |       ||     3
         Confused          |       |       |     3 |       ||     3
 Armour: Leather armour    |     7 |     2 |     8 |       ||    17
         Robe              |       |       |     4 |     1 ||     5
  Dodge: Dodged            |    28 |     7 |    60 |     4 ||    99
